 Dungeon Crawl Stone Soup version 0.26.1-2-gb8aa6d0cf2 (webtiles) character file.

Game seed: 17135154825652354468

16950 MalarOregon the Covert (level 12, 0/82 HPs)
             Began as a Halfling Earth Elementalist on Mar 29, 2021.
             Was a High Priest of Fedhas.
             Slain by a red devil
             ... wielding a +0 trident
             ... summoned by the player character
              (9 damage)
             ... on level 1 of the Lair of Beasts.
             The game lasted 00:51:49 (14943 turns).

MalarOregon the Covert (HaEE)                      Turns: 14943, Time: 00:51:50

Health: 0/82       AC: 18    Str: 13    XL:     12   Next: 76%
Magic:  14/14      EV: 14    Int: 16    God:    Fedhas [*****.]
Gold:   325        SH:  5    Dex: 16    Spells: 5/14 levels left

rFire    + . .     SeeInvis +   a - +14 obsidian axe {vorpal, +Fly SInv *Curse} (curse)
rCold    . . .     Faith    .   (shield currently unavailable)
rNeg     . . .     Spirit   .   J - +1 troll leather armour {Purgy}
rPois    .         Reflect  +   c - +2 helmet
rElec    .         Harm     .   V - +1 cloak {Stlth+}
rCorr    .         Rampage  .   n - +0 pair of gloves
Will     .....                  (no boots)
Stlth    ++++......             g - amulet of reflection
HPRegen  0.63/turn              e - ring of the Serpent {AC+4 Int+3}
MPRegen  0.14/turn              i - ring of protection from fire

@: lethally poisoned (0 -> -1), studying Throwing
A: small, mutation resistance 1
a: Renounce Religion, Evoke Flight, Wall of Briars, Grow Ballistomycete,
Overgrow, Grow Oklob


You were on level 1 of the Lair of Beasts.
You worshipped Fedhas.
Fedhas was extremely pleased with you.
You visited 2 branches of the dungeon, and saw 12 of its levels.
You also visited: Sewer and Gauntlet.

You collected 584 gold pieces.
You spent 259 gold pieces at shops.

Inventory:

Hand Weapons
 a - the cursed +14 obsidian axe (weapon) {vorpal, +Fly SInv *Curse}
   (You found it in a Gauntlet)

   It inflicts extra damage upon your enemies.
   It lets you see invisible.
   It lets you fly.
   It curses itself when equipped.
   It has a curse placed upon it.
Missiles
 p - 4 throwing nets {!f}
 y - a boomerang of dispersal {!f}
 B - 125 stones
 D - 9 boomerangs
 O - 2 silver boomerangs
 T - 2 datura-tipped darts
Armour
 c - a +2 helmet (worn)
   (You found it on level 1 of the Dungeon)
 n - a +0 pair of gloves (worn)
   (You found it on level 2 of the Dungeon)
 J - a +1 troll leather armour (worn) {Purgy}
   (You found it in a sewer)
 V - a +1 cloak of stealth (worn)
   (You found it in a Gauntlet)
Jewellery
 b - the ring of Xom's Capriciousness {+Blink rF++ rC- rN+ Str+6}
   (You found it in a Gauntlet)

   [ring of strength]

   It affects your strength (+6).
   It greatly protects you from fire.
   It makes you vulnerable to cold.
   It protects you from negative energy.
   It lets you blink.
 e - the ring of the Serpent (left hand) {AC+4 Int+3}
   (You took it off a minotaur in a Gauntlet)

   [ring of protection]

   It affects your AC (+4).
   It affects your intelligence (+3).
 g - an amulet of reflection (around neck)
   (You found it on level 1 of the Dungeon)
 i - a ring of protection from fire (right hand)
   (You found it on level 4 of the Dungeon)
 k - an uncursed ring of flight
   (You found it on level 2 of the Dungeon)
Wands
 d - a wand of iceblast (4)
   (You found it on level 1 of the Lair of Beasts)
 r - a wand of enslavement (3)
   (You found it in a sewer)
 t - a wand of flame (30)
   (You found it in a Gauntlet)
 v - a wand of digging (15)
   (You took it off an orc warrior on level 9 of the Dungeon)
Scrolls
 f - 7 scrolls of immolation {!r}
 h - a scroll of magic mapping
 u - a scroll of enchant armour
 w - a scroll of noise {!r}
 A - a scroll of amnesia
 C - a scroll of fear
 E - a scroll of enchant weapon
 I - 2 scrolls of teleportation {@r4}
 K - a scroll of identify {@r1}
 R - 5 scrolls of remove curse {@r2}
Potions
 j - a potion of cancellation
 m - 2 potions of heal wounds {@q2}
 o - 7 potions of might
 q - 4 potions of berserk rage
 s - 8 potions of flight
 z - 3 potions of lignification {!q}
 F - 11 potions of curing {@q1}
 S - 2 potions of mutation {unknown}
 U - 2 potions of ambrosia {unknown}
 W - a potion of invisibility {unknown}
Books
 L - a manual of Throwing {!d}
   (You found it on level 8 of the Dungeon)
Miscellaneous
 x - a condenser vane (inert)
   (You found it in a Gauntlet)
 H - a phial of floods
   (You found it in a Gauntlet)


   Skills:
 + Level 7.9 Fighting
 * Level 8.3 Axes
 + Level 7.8 Throwing
 + Level 9.6 Armour
 - Level 2.1 Dodging
 + Level 10.6 Stealth
 - Level 1.5 Spellcasting
 - Level 0.5 Transmutations
 + Level 9.3 Earth Magic


You had 5 spell levels left.
You knew the following spells:

 Your Spells              Type           Power        Failure   Level
b - Petrify               Tmut/Erth      17%          32%         4
q - Passwall              Tmut/Erth      14%          4%          2
x - Stone Arrow           Conj/Erth      32%          12%         3

Your spell library contained the following spells:

 Spells                   Type           Power        Failure   Level
 Sandblast                Erth           62%          1%          1
 Lee's Rapid Deconstruct  Erth           15%          16%         5
 Shock                    Conj/Air       4%           26%         1
 Blink                    Tloc           N/A          36%         2
 Swiftness                Air            1%           36%         2
 Gell's Gravitas          Tloc           0%           61%         3
 Lesser Beckoning         Tloc           0%           61%         3
 Static Discharge         Conj/Air       1%           61%         3
 Teleport Other           Tloc           1%           61%         3
 Airstrike                Air            0%           95%         4
 Passage of Golubria      Tloc           N/A          95%         4
 Lightning Bolt           Conj/Air       0%           100%        5


Dungeon Overview and Level Annotations

Branches:
Dungeon (11/15)            Temple (0/1) D:5            Lair (1/6) D:9
    Orc (0/2) D:11          Sewer (visited)         Gauntlet (visited)

Altars:
Ashenzari
Cheibriados
Dithmenos
Elyvilon
Fedhas
Gozag
Makhleb
Nemelex Xobeh
Uskayaw
Vehumet
Xom

Shops:
D:4 !   D:5 !   D:9 *

Annotations:
D:4 !, Pikel
D:10 2 transporters, mavignon's ghost, novice DsIE


Innate Abilities, Weirdness & Mutations

You are small and have problems with some larger weapons.
You are somewhat resistant to further mutation.


Message History

The wolf is engulfed in blazing flames.
You block the wolf's attack.
The wolf is engulfed in blazing flames.
You block the wolf's attack.
The red devil hits you but does no damage.
The cane toad is engulfed in blazing flames.
The cane toad closely misses you.
The wolf is engulfed in blazing flames.
You kill the wolf!
Fedhas accepts your kill.
The komodo dragon is engulfed in blazing flames.
Unknown command.
You slash the cane toad! You miss the wolf. You slash the komodo dragon!
You slash the wolf!
You break out of your daze!
You kill the wolf!
Fedhas accepts your kill.
You slash the wolf! You open a gate to Pandemonium!
A demon appears!
Visions of slaying the wolf flood into your mind.
You feel sick.
The wolf is engulfed in blazing flames.
You are no longer entranced.
You kill the wolf!
Fedhas accepts your kill.
The wolf is engulfed in blazing flames.
The wolf bites you but does no damage.
The wolf is engulfed in blazing flames.
You kill the wolf!
Fedhas accepts your kill.
The cane toad is engulfed in blazing flames.
You kill the cane toad!
Fedhas accepts your kill.
The red devil hits you but does no damage.
The komodo dragon is engulfed in blazing flames.
The komodo dragon bites you but does no damage.
Unknown command.
Aim: a red devil, wielding a +0 trident (flame, summoned)
The mass of ice explodes!
The iceblast engulfs the red devil!
The red devil is frozen!
Visions of slaying the komodo dragon flood into your mind.
You feel sick.
The komodo dragon is engulfed in blazing flames.
The komodo dragon bites you!!
* * * LOW HITPOINT WARNING * * *
The red devil closely misses you.
Aim: a red devil, wielding a +0 trident (flame, heavily wounded, summoned)
The mass of ice explodes!
The iceblast engulfs the red devil.
The red devil is frozen!
You feel sick.
The komodo dragon is engulfed in blazing flames.
You are no longer entranced.
You kill the komodo dragon!
Fedhas accepts your kill.
The red devil hits you from afar with a +0 trident!
You die...
Fedhas appreciates your contribution to the ecosystem.

.♣.. #.#........#
..♣.♣. #.+........#
....P. #..........#
...... ###........#
......♣ #........#
....P..♣# ###'######
....P§§P♣#####...#
##..P§§§♣#P#....P##
#..☼§§@§.†.......#
#..§.4§§§........#
#...§§§4§........#
#..P..§§+........#
........♣#........#
.......P#♣.........#
.........#........##
......♣####P###..##


You could see a red devil (summoned) and a friendly rust devil (summoned).

Vanquished Creatures
  A minotaur (Gauntlet)
  Harold (Lair:1)
  A two-headed ogre (D:11)
  A queen ant (Gauntlet)
  Erica (D:8)
  2 wizards (Gauntlet)
  An ugly thing (D:11)
  2 cyclopes (D:11)
  Maurice (D:8)
  2 cane toads (Lair:1)
  2 komodo dragons
  A kobold demonologist (D:8)
  A queen bee (Gauntlet)
  A troll (D:10)
  3 yaks (D:11)
  A wraith (D:11)
  Grum (D:8)
  Menkaure (D:7)
  6 soldier ants (Gauntlet)
  5 water moccasins
  A sky beast (D:10)
  Purgy (Sewer)
  A black bear (D:8)
  4 orc warriors
  A phantom (D:11)
  2 ice beasts
  3 ogres
  10 centaurs
  10 wolves
  2 big kobolds (D:7)
  10 bullfrogs
  Blork the orc (D:6)
  7 orc priests
  8 scorpions
  35 killer bees
  6 wights (D:9)
  2 howler monkeys
  An electric eel (D:10)
  8 hounds
  2 quasits
  A centaur skeleton (D:4)
  3 jellies
  10 orc wizards
  An iron imp (D:9)
  A bullfrog skeleton (D:4)
  4 iguanas
  14 worker ants
  A hound skeleton (D:11)
  A hound zombie (D:6)
  Robin (D:3)
  A howler monkey skeleton (D:7)
  10 adders
  A river rat (D:3)
  3 shadow imps
  5 white imps
  5 oozes
  An adder zombie (D:9)
  2 worms (D:2)
  2 dart slugs (D:1)
  10 leopard geckos
  33 orcs
  3 ball pythons (D:3)
  6 giant cockroaches
  12 hobgoblins
  18 jackals
  4 quokkas
  9 bats
  A frilled lizard (D:3)
  15 goblins
  A jackal skeleton (D:5)
  21 kobolds
  A leopard gecko zombie (D:6)
  A quokka skeleton (D:4)
  5 rats
357 creatures vanquished.

Vanquished Creatures (collateral kills)
  A jelly (D:6)
  An orc priest (D:4)
  A worker ant zombie (D:11)
  2 gnolls (D:6)
  A white imp (Gauntlet)
  An orc (D:4)
  A ballistomycete spore (Gauntlet)
8 creatures vanquished.

Vanquished Creatures (others)
  An acid dragon (shapeshifter) (D:9)
  A gnoll (D:6)
  2 ballistomycete spores (Gauntlet)
  22 plants
26 creatures vanquished.

Grand Total: 391 creatures vanquished

Notes
Turn   | Place    | Note
-------+----------+-------------------------------------------
     0 | D:1      | MalarOregon the Halfling Earth Elementalist began the quest
                  | for the Orb.
     0 | D:1      | Reached XP level 1. HP: 11/11 MP: 3/3
   218 | D:1      | Reached XP level 2. HP: 5/18 MP: 0/4
   581 | D:1      | Reached skill level 1 in Armour
   785 | D:1      | Reached XP level 3. HP: 20/22 MP: 0/5
   955 | D:1      | Reached skill level 1 in Fighting
  1539 | D:2      | Reached XP level 4. HP: 28/28 MP: 2/6
  1597 | D:2      | Reached skill level 3 in Stealth
  1876 | D:2      | Reached XP level 5. HP: 32/33 MP: 1/7
  2877 | D:2      | Learned a level 2 spell: Passwall
  2881 | D:2      | Learned a level 3 spell: Stone Arrow
  2947 | D:3      | Found a glowing drain.
  3053 | Sewer    | Entered a sewer
  3312 | Sewer    | Noticed Purgy
  3318 | Sewer    | Killed Purgy
  3319 | Sewer    | Reached skill level 4 in Stealth
  3319 | Sewer    | Reached XP level 6. HP: 39/39 MP: 1/8
  3545 | D:3      | Noticed Robin
  3561 | D:3      | Killed Robin
  3633 | D:3      | Noticed an ogre
  3650 | D:3      | Killed an ogre
  3651 | D:3      | Reached XP level 7. HP: 31/45 MP: 0/9
  4441 | D:3      | You fall into a shaft and drop 3 floors!
  4545 | D:5      | Entered Level 5 of the Dungeon
  5048 | D:4      | Found Cecwyoh's Distillery.
  5059 | D:4      | Reached skill level 5 in Stealth
  5077 | D:4      | Bought a potion of heal wounds for 50 gold pieces
  5077 | D:4      | Bought a potion of might for 40 gold pieces
  5077 | D:4      | Bought a potion of curing for 30 gold pieces
  5077 | D:4      | Bought a potion of curing for 30 gold pieces
  5105 | D:4      | Found a broken altar of Ashenzari.
  5120 | D:4      | Noticed Pikel
  5709 | D:4      | Found an opulent altar of Gozag.
  5709 | D:4      | Found a shadowy altar of Dithmenos.
  5709 | D:4      | Found a white marble altar of Elyvilon.
  5709 | D:4      | Found a burning altar of Makhleb.
  5710 | D:4      | Found a shimmering altar of Xom.
  5711 | D:4      | Found a radiant altar of Vehumet.
  5713 | D:4      | Found a hide-covered altar of Uskayaw.
  5887 | D:4      | Reached skill level 5 in Earth Magic
  6178 | D:5      | Reached XP level 8. HP: 40/52 MP: 7/10
  6216 | D:5      | Found a blossoming altar of Fedhas.
  6224 | D:5      | Became a worshipper of Fedhas Madash
  6282 | D:5      | Reached skill level 1 in Axes
  6526 | D:5      | Found a staircase to the Ecumenical Temple.
  6558 | D:5      | Found Ofacoas's Distillery.
  6565 | D:5      | Bought a potion of lignification for 39 gold pieces
  6964 | D:6      | Identified the +9 falchion of Honesty {protect, +Blink
                  | rPois}
  7108 | D:6      | Reached * piety under Fedhas
  7112 | D:6      | Reached skill level 5 in Armour
  7157 | D:6      | Noticed Blork the orc
  7169 | D:6      | Killed Blork the orc
  7170 | D:6      | Reached skill level 6 in Stealth
  7204 | D:6      | Learned a level 4 spell: Petrify
  7525 | D:6      | Reached XP level 9. HP: 58/58 MP: 11/11
  7951 | D:7      | Reached skill level 7 in Stealth
  8054 | D:7      | Noticed Menkaure
  8063 | D:7      | Killed Menkaure
  8063 | D:7      | Reached ** piety under Fedhas
  8260 | D:7      | Reached skill level 5 in Fighting
  8463 | D:8      | Noticed Erica
  8475 | D:8      | Killed Erica
  8476 | D:8      | Reached XP level 10. HP: 46/66 MP: 10/12
  8537 | D:8      | Noticed Maurice
  8674 | D:8      | Reached skill level 8 in Stealth
  8707 | D:8      | Noticed a kobold demonologist
  8716 | D:8      | Noticed a sun demon
  8720 | D:8      | Killed a kobold demonologist
  8721 | D:8      | Reached skill level 5 in Axes
  8998 | D:8      | Reached *** piety under Fedhas
  9644 | D:8      | Killed Maurice
  9937 | D:9      | Noticed Grum
  9970 | D:9      | Reached skill level 1 in Throwing
 10069 | D:8      | Killed Grum
 10241 | D:9      | Found a snail-covered altar of Cheibriados.
 10346 | D:9      | Reached XP level 11. HP: 66/72 MP: 13/13
 10370 | D:9      | Reached skill level 9 in Stealth
 10612 | D:9      | Reached **** piety under Fedhas
 10932 | D:9      | Found a staircase to the Lair.
 11089 | D:9      | Found Yhum's General Store.
 11092 | D:9      | Bought a potion of heal wounds for 70 gold pieces
 11395 | D:10     | Entered Level 10 of the Dungeon
 11416 | D:10     | Found a transporter.
 11423 | D:10     | Noticed mavignon's ghost (novice DsIE)
 11470 | D:10     | Found a transporter.
 12621 | D:11     | Reached skill level 5 in Throwing
 12651 | D:11     | Noticed a cyclops
 12652 | D:11     | Found a staircase to the Orcish Mines.
 12755 | D:11     | Found a sparkling altar of Nemelex Xobeh.
 12800 | D:11     | Noticed a two-headed ogre
 12827 | D:11     | Killed a two-headed ogre
 12924 | D:11     | Found a gate leading to a gauntlet.
 12933 | Gauntlet | Entered a Gauntlet
 12933 | Gauntlet | Found a transporter.
 12933 | Gauntlet | Found a runed translucent door.
 12933 | Gauntlet | Found a transporter.
 12933 | Gauntlet | Found a transporter.
 12933 | Gauntlet | Found a runed translucent door.
 12933 | Gauntlet | Noticed a tengu warrior
 12945 | Gauntlet | Found a transporter.
 12946 | Gauntlet | Found a transporter.
 12949 | Gauntlet | Found a transporter.
 12954 | Gauntlet | Noticed a queen ant
 12957 | Gauntlet | Found a transporter.
 12958 | Gauntlet | Found a transporter.
 12960 | Gauntlet | Found a transporter.
 12960 | Gauntlet | Found a transporter.
 12960 | Gauntlet | Noticed a wizard
 12962 | Gauntlet | Noticed a moth of wrath
 12962 | Gauntlet | Noticed a moth of wrath
 12964 | Gauntlet | Found a runed translucent door.
 12964 | Gauntlet | Found a runed translucent door.
 12967 | Gauntlet | Noticed a wizard
 12968 | Gauntlet | Found a transporter.
 12980 | Gauntlet | Found a transporter.
 13191 | Gauntlet | Reached ***** piety under Fedhas
 13423 | Gauntlet | Killed a queen ant
 13424 | Gauntlet | Reached skill level 10 in Stealth
 13424 | Gauntlet | Reached XP level 12. HP: 63/81 MP: 14/14
 13522 | Gauntlet | Killed a wizard
 13535 | Gauntlet | Got a vibrating tin ring
 13621 | Gauntlet | Identified the ring of Xom's Capriciousness {+Blink rF++
                  | rC- rN+ Str+6} (You found it in a Gauntlet)
 13662 | Gauntlet | Identified the ring of the Serpent {AC+4 Int+3}
 13662 | Gauntlet | Noticed a minotaur
 13684 | Gauntlet | Killed a minotaur
 13767 | Gauntlet | Found the cursed +14 obsidian axe {vorpal, +Fly SInv
                  | *Curse}
 14716 | Lair:1   | Entered Level 1 of the Lair of Beasts
 14809 | Lair:1   | Noticed Harold
 14821 | Lair:1   | Killed Harold
 14943 | Lair:1   | Slain by a red devil

Illustrated notes

Levels and vault maps discovered:
D:1:      heliophobic_arrival_battle_scene, layout_loops_ring, serial_forest,
          infiniplex_forest_clump_diagonal, infiniplex_forest_zigzag_1,
          infiniplex_forest_straight_2, infiniplex_forest_clump_curved,
          infiniplex_forest_side_room, minmay_tromino_v4_c
D:2:      wad_pebble_path, layout_basic, lexackson_kobold_supper
D:3:      layout_basic, cheibrodos_sewer_entry_sluice, minmay_vboxes, uniq_robin
D:4:      layout_gridville, minitemple, serial_shops, shop,
          evilmike_ruin_ashenzari, uniq_pikel
D:5:      layout_rooms, temple_green, serial_shops, nicolae_shop_crystal,
          fedhas_altar_fruit_tree
D:6:      layout_cave_pools, uniq_blork_the_orc
D:7:      layout_rooms, grunt_decor_cap, uniq_menkaure
D:8:      layout_rooms, minmay_manual_mares, uniq_maurice, uniq_erica
D:9:      layout_basic, slow_altar_1, lair_entry_dummy, serial_shops,
          kennysheep_mini_moat, uniq_grum
D:10:     layout_basic, gammafunk_ghost_stat_death
D:11:     layout_stronghold, orc_0_dummy, gauntlet_entry_generic,
          nemelex_altar_shiori
Lair:1:   layout_roguey, grunt_forest_large_clearing_hut, uniq_harold

Skill      XL: |  1  2  3  4  5  6  7  8  9 10 11 12 |
---------------+-------------------------------------+-----
Armour         | 1 2 3 4 5 6 7 9 |  9.6
Fighting       | 1 2 3 4 5 6 7 |  7.9
Stealth        | 3 4 5 6 7 8 10 | 10.6
Earth Magic    | 4 5 7 8 9 |  9.3
Axes           | 2 4 5 7 8 |  8.3
Throwing       | 2 6 7 |  7.8
Dodging        | |  2.1
Spellcasting   | |  1.5
Transmutations | |  0.5

Action                   |  1- 3 |  4- 6 |  7- 9 | 10-12 || total
-------------------------+-------+-------+-------+-------++-------
Melee: Unarmed           |    10 |       |       |       ||    10
       Dagger            |     9 |   252 |     4 |       ||   265
       Hand axe          |       |       |   325 |   495 ||   820
       Trident           |       |       |    53 |       ||    53
       Falchion          |       |       |     4 |    52 ||    56
       Broad axe         |       |       |       |    55 ||    55
 Cast: Sandblast         |    41 |    74 |    87 |    85 ||   287
       Stone Arrow       |       |       |       |     5 ||     5
Invok: Wall of Briars    |       |       |       |     3 ||     3
       Grow Ballistomyce |       |       |       |     1 ||     1
Evoke: Wand              |       |       |     7 |     8 ||    15
       Condenser vane    |       |       |       |     1 ||     1
  Use: Scroll            |       |     9 |     6 |     7 ||    22
       Potion            |       |       |       |     9 ||     9
 Stab: Sleeping          |       |       |     6 |    24 ||    30
       Distracted        |       |       |     1 |       ||     1
       Confused          |       |       |       |     2 ||     2
Armor: Robe              |     1 |       |       |       ||     1
       Ring mail         |     7 |    32 |       |       ||    39
       Troll leather arm |       |    15 |   144 |   212 ||   371
Dodge: Dodged            |    36 |   100 |   390 |   437 ||   963
Block: Other             |       |    38 |   123 |   140 ||   301
       Reflection        |       |     2 |     5 |     4 ||    11
       Rpst.: Falchion   |       |       |    12 |    21 ||    33
